TOP OF THE 1ST |
Arizona State University Sun Devils batting - Pitching for University of Georgia Bulldogs : LHP Allan Bodkin
|
Pitching: LHP Allan Bodkin
|
|
Batting: LHB Timon Giorgiou
|
0-0: Swinging Strike 0-1: Called Strike 0-2: Foul Ball, location: 2F 0-2: Strikes out looking
|
Batting: LHB David Goad
|
0-0: Ground out 4-3 (Groundball, 4, EV 100.0 MPH)
|
Batting: LHB Dustin Gill
|
0-0: Called Strike 0-1: Swinging Strike 0-2: Ball 1-2: Ball 2-2: Ball 3-2: Foul Ball, location: 2F 3-2: Strikes out swinging
|
Top of the 1st over - 0 runs, 0 hits, 0 errors, 0 left on base; Arizona State University 0 - University of Georgia 0 |
BOTTOM OF THE 1ST |
University of Georgia Bulldogs batting - Pitching for Arizona State University Sun Devils : RHP Travis Varney
|
Pitching: RHP Travis Varney
|
|
Batting: RHB Murilo Cunha
|
0-0: Fly out, F8 (Flyball, 89D, EV 103.1 MPH)
|
Batting: RHB Nate McCormick
|
0-0: Swinging Strike 0-1: Ball 1-1: Swinging Strike 1-2: Strikes out swinging
|
Batting: RHB Charlie Davison
|
0-0: Fly out, F7 (Flyball, 7D, EV 95.0 MPH)
|
Bottom of the 1st over - 0 runs, 0 hits, 0 errors, 0 left on base; Arizona State University 0 - University of Georgia 0 |
TOP OF THE 2ND |
Arizona State University Sun Devils batting - Pitching for University of Georgia Bulldogs : LHP Allan Bodkin
|
Batting: RHB Carl Evans
|
0-0: Called Strike 0-1: Ball 1-1: Ball 2-1: Swinging Strike 2-2: Ball 3-2: Strikes out looking
|
Batting: SHB Manny Aponte
|
0-0: Ball 1-0: Foul Ball, location: 2F 1-1: Ground out 4-3 (Groundball, 4, EV 85.0 MPH)
|
Batting: RHB Chris DeLuise
|
0-0: Ball 1-0: Called Strike 1-1: Foul Ball, location: 2F 1-2: Ball 2-2: Ball 3-2: Foul Ball, location: 2F 3-2: Base on Balls
|
Batting: LHB Burraga Iukini
|
0-0: Called Strike 0-1: Ball 1-1: Called Strike 1-2: Ball 2-2: Foul Ball, location: 2F 2-2: Strikes out swinging
|
Top of the 2nd over - 0 runs, 0 hits, 0 errors, 1 left on base; Arizona State University 0 - University of Georgia 0 |
BOTTOM OF THE 2ND |
University of Georgia Bulldogs batting - Pitching for Arizona State University Sun Devils : RHP Travis Varney
|
Batting: LHB Cole Sanchez
|
0-0: Ball 1-0: Ball 2-0: Ball 3-0: Base on Balls
|
Batting: LHB Sloan Rayner
|
0-0: Grounds into double play, 5-4-3 (Groundball, 56, EV 96.9 MPH)
|
Batting: RHB James Warby
|
0-0: Ball 1-0: Ball 2-0: Ball 3-0: Called Strike 3-1: Foul Ball, location: 2F 3-2: Strikes out swinging
|
Bottom of the 2nd over - 0 runs, 0 hits, 0 errors, 0 left on base; Arizona State University 0 - University of Georgia 0 |
TOP OF THE 3RD |
Arizona State University Sun Devils batting - Pitching for University of Georgia Bulldogs : LHP Allan Bodkin
|
Batting: RHB John Burgis
|
0-0: Called Strike 0-1: Called Strike 0-2: Strikes out looking
|
Batting: RHB Alonzo Cardona
|
0-0: Ball 1-0: Ball 2-0: Ball 3-0: Called Strike 3-1: Ground out 6-3 (Groundball, 6, EV 99.4 MPH)
|
Batting: LHB Timon Giorgiou
|
0-0: Fly out, F8 (Flyball, 8LS, EV 95.0 MPH)
|
Top of the 3rd over - 0 runs, 0 hits, 0 errors, 0 left on base; Arizona State University 0 - University of Georgia 0 |
BOTTOM OF THE 3RD |
University of Georgia Bulldogs batting - Pitching for Arizona State University Sun Devils : RHP Travis Varney
|
Batting: RHB Jeff Wornick
|
0-0: SINGLE (Groundball, 6, EV 103.1 MPH)
|
Batting: SHB Hairama Seiuli
|
0-0: Ball 1-0: Ball 2-0: Called Strike 2-1: Ball Jeff Wornick is caught stealing 2nd base 2-6 3-1: Swinging Strike 3-2: Reached on error, E6 (Groundball, 56, EV 84.4 MPH)
|
Batting: LHB Lu-fang Dou
|
0-0: Foul Ball, location: 2F 0-1: Ground out 6-3 (Groundball, 6, EV 78.8 MPH)
|
Batting: RHB Murilo Cunha
|
0-0: Ball 1-0: Ball 2-0: Fly out, F8 (Flyball, 89XD, EV 97.5 MPH)
|
Bottom of the 3rd over - 0 runs, 1 hit, 1 error, 1 left on base; Arizona State University 0 - University of Georgia 0 |
TOP OF THE 4TH |
Arizona State University Sun Devils batting - Pitching for University of Georgia Bulldogs : LHP Allan Bodkin
|
Batting: LHB David Goad
|
0-0: Ball 1-0: Foul Ball, location: 2F 1-1: Ball 2-1: Ball 3-1: Foul Ball, location: 2F 3-2: Ground out 6-3 (Groundball, 6, EV 87.5 MPH)
|
Batting: LHB Dustin Gill
|
0-0: Called Strike 0-1: Fly out, F6 (Line Drive, 6MD, EV 73.1 MPH)
|
Batting: RHB Carl Evans
|
0-0: Called Strike 0-1: Swinging Strike 0-2: Ball 1-2: Strikes out swinging
|
Top of the 4th over - 0 runs, 0 hits, 0 errors, 0 left on base; Arizona State University 0 - University of Georgia 0 |
BOTTOM OF THE 4TH |
University of Georgia Bulldogs batting - Pitching for Arizona State University Sun Devils : RHP Travis Varney
|
Batting: RHB Nate McCormick
|
0-0: Swinging Strike 0-1: Ball 1-1: Ball 2-1: Ball 3-1: Fly out, F9 (Flyball, 89M, EV 85.0 MPH)
|
Batting: RHB Charlie Davison
|
0-0: Ground out 5-3 (Groundball, 56, EV 83.8 MPH)
|
Batting: LHB Cole Sanchez
|
0-0: Ball 1-0: Foul Ball, location: 2F 1-1: Foul Ball, location: 2F 1-2: Strikes out swinging
|
Bottom of the 4th over - 0 runs, 0 hits, 0 errors, 0 left on base; Arizona State University 0 - University of Georgia 0 |
TOP OF THE 5TH |
Arizona State University Sun Devils batting - Pitching for University of Georgia Bulldogs : LHP Allan Bodkin
|
Now in LF: Pang Xú
|
|
Batting: SHB Manny Aponte
|
0-0: Ball 1-0: Ball 2-0: Foul Ball, location: 2F 2-1: Called Strike 2-2: Strikes out swinging
|
Batting: RHB Chris DeLuise
|
0-0: Foul Ball, location: 2F 0-1: Foul Ball, location: 2F 0-2: Ball 1-2: Strikes out swinging
|
Batting: LHB Burraga Iukini
|
0-0: Swinging Strike 0-1: Ball 1-1: Bunted foul 1-2: Foul Ball, location: 2F 1-2: Ball 2-2: Foul Ball, location: 2F 2-2: Foul Ball, location: 2F 2-2: Ball 3-2: SINGLE (Line Drive, 34D, EV 94.4 MPH)
|
Pitching: RHP Pacu Panic
|
|
Batting: RHB John Burgis
|
0-0: Swinging Strike 0-1: Foul Ball, location: 2F 0-2: Ball 1-2: Strikes out swinging
|
Top of the 5th over - 0 runs, 1 hit, 0 errors, 1 left on base; Arizona State University 0 - University of Georgia 0 |
BOTTOM OF THE 5TH |
University of Georgia Bulldogs batting - Pitching for Arizona State University Sun Devils : RHP Travis Varney
|
Now at SS: Hervé Papin
|
|
Batting: LHB Sloan Rayner
|
0-0: Foul Ball, location: 2F 0-1: Ball 1-1: Swinging Strike 1-2: Foul Ball, location: 2F 1-2: Strikes out swinging
|
Batting: RHB James Warby
|
0-0: Called Strike 0-1: Ball 1-1: Ball 2-1: Ground out 6-3 (Groundball, 6, EV 81.2 MPH)
|
Batting: RHB Jeff Wornick
|
0-0: Called Strike 0-1: Ball 1-1: Foul Ball, location: 2F 1-2: Ball 2-2: Foul Ball, location: 2F 2-2: Foul Ball, location: 2F 2-2: Ball 3-2: Ground out 6-3 (Groundball, 6, EV 100.0 MPH)
|
Bottom of the 5th over - 0 runs, 0 hits, 0 errors, 0 left on base; Arizona State University 0 - University of Georgia 0 |
TOP OF THE 6TH |
Arizona State University Sun Devils batting - Pitching for University of Georgia Bulldogs : RHP Pacu Panic
|
Now at 3B: Luis Mejia
|
|
Now in CF: Edwin Zavala
|
|
Batting: RHB Alonzo Cardona
|
0-0: Called Strike 0-1: Called Strike 0-2: Strikes out swinging
|
Pinch Hitting: RHB Martin Boyle
|
0-0: Ball 1-0: Ground out 6-3 (Groundball, 6, EV 91.9 MPH)
|
Pinch Hitting: LHB Randy Marquez
|
0-0: Ground out 1-3 (Groundball, 13S, EV 72.5 MPH)
|
Top of the 6th over - 0 runs, 0 hits, 0 errors, 0 left on base; Arizona State University 0 - University of Georgia 0 |
BOTTOM OF THE 6TH |
University of Georgia Bulldogs batting - Pitching for Arizona State University Sun Devils : RHP Travis Varney
|
Now at C: Israel Tobias
|
|
Now at 1B: Martin Boyle
|
|
Now in LF: Bill Callbeck
|
|
Now in CF: Burraga Iukini
|
|
Now in RF: Randy Marquez
|
|
Batting: SHB Hairama Seiuli
|
0-0: Called Strike 0-1: Ball 1-1: Ball 2-1: Foul Ball, location: 2F 2-2: Ball 3-2: Strikes out swinging
|
Batting: LHB Lu-fang Dou
|
0-0: Ball 1-0: Fly out, F7 (Line Drive, 78M, EV 91.2 MPH)
|
Batting: LHB Luis Mejia
|
0-0: Ball 1-0: Called Strike 1-1: Called Strike 1-2: Strikes out swinging
|
Bottom of the 6th over - 0 runs, 0 hits, 0 errors, 0 left on base; Arizona State University 0 - University of Georgia 0 |
TOP OF THE 7TH |
Arizona State University Sun Devils batting - Pitching for University of Georgia Bulldogs : RHP Pacu Panic
|
Now in RF: Kyle Sanders
|
|
Batting: RHB Israel Tobias
|
0-0: Foul Ball, location: 2F 0-1: Foul Ball, location: 2F 0-2: Foul Ball, location: 2F 0-2: Strikes out swinging
|
Batting: RHB Hervé Papin
|
0-0: Foul Ball, location: 2F 0-1: Hit by Pitch
|
Batting: LHB Eric Russell
|
0-0: Ball Hervé Papin steals 2nd base 1-0: Fly out, F7 (Flyball, 78D, EV 101.9 MPH)
|
Pinch Hitting: RHB David Krebs
|
0-0: Called Strike 0-1: Called Strike 0-2: DOUBLE (Flyball, 8LXD, EV 100.0 MPH) Hervé Papin scores
|
Batting: LHB Burraga Iukini
|
0-0: Called Strike 0-1: Ball 1-1: Swinging Strike 1-2: Ball 2-2: Ball 3-2: Foul Ball, location: 2F 3-2: Strikes out swinging
|
Top of the 7th over - 1 run, 1 hit, 0 errors, 1 left on base; Arizona State University 1 - University of Georgia 0 |
BOTTOM OF THE 7TH |
University of Georgia Bulldogs batting - Pitching for Arizona State University Sun Devils : RHP Travis Varney
|
Pitching: RHP Dave Cano
|
|
Now at 2B: Rusty Gee
|
|
Now at 3B: Ricky Hernandez
|
|
Pinch Hitting: RHB Rich Gold
|
0-0: SINGLE (Line Drive, 7S, EV 91.2 MPH)
|
Pinch Hitting: LHB Andy Dyer
|
0-0: Ball 1-0: Called Strike 1-1: Ball 2-1: Foul Ball, location: 2F 2-2: Foul Ball, location: 2F 2-2: Ball 3-2: Strikes out swinging
|
Pinch Hitting: LHB Milton Yeo
|
0-0: Fielders Choice at 2nd, 5-4 (Groundball, 5, EV 81.2 MPH)
|
Pinch Hitting: LHB Casey Bass
|
0-0: DOUBLE (Line Drive, 78D, EV 105.0 MPH) Milton Yeo to third Runner from 3rd tries for Home, SAFE, no throw by LF
|
Pinch Hitting: RHB Justin Szymczyk
|
0-0: Called Strike 0-1: Ball 1-1: Foul Ball, location: 2F 1-2: Ground out 5-3 (Groundball, 56S, EV 86.9 MPH)
|
Bottom of the 7th over - 1 run, 2 hits, 0 errors, 1 left on base; Arizona State University 1 - University of Georgia 1 |
TOP OF THE 8TH |
Arizona State University Sun Devils batting - Pitching for University of Georgia Bulldogs : RHP Pacu Panic
|
Pitching: RHP Bill Maher
|
|
Now at 1B: Casey Bass
|
|
Now at SS: Justin Szymczyk
|
|
Now in LF: Josh Cavaleri
|
|
Now in CF: Dennis Klein
|
|
Now in RF: Bryan Ross
|
|
Pinch Hitting: LHB Sho Fukumoto
|
0-0: Swinging Strike 0-1: Ball 1-1: Swinging Strike 1-2: Strikes out looking
|
Batting: RHB Rusty Gee
|
0-0: Swinging Strike 0-1: Called Strike 0-2: Strikes out looking
|
Batting: RHB Martin Boyle
|
0-0: Called Strike 0-1: Ball 1-1: Ball 2-1: Swinging Strike 2-2: SINGLE (Groundball, 4MD, EV 106.2 MPH)
|
Batting: LHB Randy Marquez
|
0-0: Ball 1-0: Fly out, F7 (Flyball, 78M, EV 90.0 MPH)
|
Top of the 8th over - 0 runs, 1 hit, 0 errors, 1 left on base; Arizona State University 1 - University of Georgia 1 |
BOTTOM OF THE 8TH |
University of Georgia Bulldogs batting - Pitching for Arizona State University Sun Devils : RHP Dave Cano
|
Now in LF: Jun-hyuk Leem
|
|
Pinch Hitting: RHB Albert Rodriguez
|
0-0: DOUBLE (Flyball, 78XD, EV 111.9 MPH)
|
Pinch Hitting: RHB Javier Alcorta
|
0-0: Ball 1-0: Ball 2-0: Ball 3-0: Called Strike 3-1: Called Strike 3-2: Strikes out looking
|
Batting: RHB Rodolfo Solis
|
0-0: Swinging Strike 0-1: Called Strike 0-2: Strikes out looking
|
Batting: LHB Luis Mejia
|
0-0: Ball 1-0: Ball 2-0: SINGLE (Groundball, 4MS, EV 60.6 MPH) (infield hit) Albert Rodriguez to third
|
Batting: LHB Dennis Klein
|
0-0: Ball 1-0: Foul Ball, location: 2F 1-1: Ball 2-1: Foul Ball, location: 2F 2-2: SINGLE (Groundball, 6D, EV 98.1 MPH) Albert Rodriguez scores Luis Mejia to second
|
Batting: LHB Bryan Ross
|
0-0: Foul Ball, location: 2F 0-1: Swinging Strike 0-2: Strikes out swinging
|
Bottom of the 8th over - 1 run, 3 hits, 0 errors, 2 left on base; Arizona State University 1 - University of Georgia 2 |
TOP OF THE 9TH |
Arizona State University Sun Devils batting - Pitching for University of Georgia Bulldogs : RHP Bill Maher
|
Pitching: LHP Danny Montoya
|
|
Now at C: Javier Alcorta
|
|
Now at 2B: John Maitland
|
|
Pinch Hitting: SHB Salvador Rodriquez
|
0-0: Ball 1-0: Ball 2-0: Foul Ball, location: 2F 2-1: Called Strike 2-2: Foul Ball, location: 2F 2-2: Ground out 4-3 (Groundball, 34, EV 84.4 MPH)
|
Pinch Hitting: RHB Bobby Johannsen
|
0-0: Fly out, F7 (Flyball, 78M, EV 83.1 MPH)
|
Batting: LHB Eric Russell
|
0-0: Foul Ball, location: 2F 0-1: Ball 1-1: Ball 2-1: Foul Ball, location: 2F 2-2: Strikes out swinging
|
Top of the 9th over - 0 runs, 0 hits, 0 errors, 0 left on base; Arizona State University 1 - University of Georgia 2 |
|